[Event "*** Titled Tuesday Blitz"]
[Site "Chess.com"]
[Date "2020.11.10"]
[Round "5"]
[White "Vsevolod_Ovchinnikov"]
[Black "Keures"]
[Result "1-0"]
[WhiteElo "2525"]
[BlackElo "2342"]
[TimeControl "180+1"]
[EndTime "11:00:07 PST"]
[Termination "Vsevolod_Ovchinnikov won by resignation"]

1. d4 Nf6 2. c4 c5 3. d5 b5 4.
cxb5 a6 5. bxa6 g6 6. Nc3 Bxa6 7. Nf3 d6 8. e4 Bxf1 9. Kxf1 Nbd7 10. g3 Bg7 11. Kg2 O-O 12. h3 Qa5 13. Qc2 Rfb8 14. Re1 Qb4 15. Rb1 Ne8 16. Bd2 Nc7 17. b3 Nb5 18.
Nxb5 Qxb5 19. a4 Qb7 20. b4 Qa6 21. a5 Rb5 22. bxc5 Nxc5 23. Rxb5 Qxb5 24. Rb1 Qe2 25. Re1 Qb5 26. Ng1 Be5 27. Rb1 Qd3 28. Qxd3 Nxd3 29. Ne2 f5 30. exf5 gxf5 31. Rb7 Kf7 32. f4 Bf6 33. g4 fxg4 34. hxg4 Nc5 35. Rb5 Ne4 36. Be1 h6 37. Kf3 Nc5 38. Bd2 e6 39.
dxe6+ Nxe6 40. Rb7+ Kg8 41. Rb6 Be7 42. f5 Nc5 43.
Nd4 Bd8 44. Rxd6 Bxa5 45. Bxa5 Rxa5 46. Rxh6 Ra4 47. Ne6 Nxe6 48. Rxe6 Kf8 49. Kg3 Kf7 50. Kh4 Rf4 51. Kg5 Rf1 52. Ra6 Rg1 53. Ra7+ Kf8 54. Kh5 Rh1+ 55. Kg6 Rg1 56. g5 Ke8 57. f6 Rf1 58.
Ra8+ Kd7 59. Kg7 Rf5 60. g6 Ke6 61. f7 Ke7 62. f8=Q+ Rxf8 63. Rxf8 1-0

[Event "*** Titled Tuesday Blitz"]
[Site "Chess.com"]
[Date "2020.11.10"]
[Round "5"]
[White "HouseOfDurin"]
[Black "igorknyazev"]
[Result "1-0"]
[WhiteElo "2176"]
[BlackElo "1977"]
[TimeControl "180+1"]
[EndTime "11:00:09 PST"]
[Termination "HouseOfDurin won by resignation"]

1. d4 Nf6 2. Bg5 Ne4 3. h4 c5 4.
dxc5 Qa5+ 5. Nd2 Nxg5 6. hxg5 e6 7. c3 Qxc5 8. Ngf3 d5 9. g6 fxg6 10. Ne5 Nd7 11. Nxg6 Rg8 12. Rxh7 Nf6 13. Rh4 Bd7 14. e3 O-O-O 15. Nxf8 Rdxf8 16. Nb3 Qb6 17. Qd4 Qxd4 18. Rxd4 Ne4 19. f3 Nd6 20. O-O-O Nf5 21. Rb4 Nxe3 22.
Re1 Nxf1 23. Rxf1 g5 24. Nc5 b6 25. Nxd7 Kxd7 26. Rd1 Kc6 27. c4 Rf4 28. cxd5+ exd5 29. Rxf4 gxf4 30. Rd2 Kc5 31. Kc2 a5 32. Kd3 b5 33.
Rc2+ Kd6 34. Re2 Kc5 35. Rc2+ Kd6 36. Kd4 b4 37. b3 Rg7 38. Rc5 Rxg2 39. Rxd5+ Kc6 40.
Rxa5 Kb6 41. Ra8 Rg7 42. Ke4 Rf7 43. Rb8+ Kc5 44. Rc8+ Kb5 45. Rc4 Ra7 46. Ke5 Kb6 47.
Rxb4+ Kc5 48. Ra4 Rd7 49. Kxf4 Rd2 50. Kg5 Kb5 51. f4 Rg2+ 52. Kf6 Rf2 53. f5 Kc6 54.
Rc4+ Kd5 55. Ra4 Rf3 56. Ra5+ Kd6 57. b4 Rc3 58. a3 Rc6 59. Kf7 Kc7 60. f6 Kb7 61.
Kg7 Rc7+ 62. f7 Kb6 63. Kg8 Rb7 64. f8=Q Rc7 65. Qf6+ Rc6 66. Qxc6+ Kxc6 67. Kf7 1-0

[Event "*** Titled Tuesday Blitz"]
[Site "Chess.com"]
[Date "2020.11.10"]
[Round "5"]
[White "Sadykov_Ramil"]
[Black "DenLaz"]
[Result "0-1"]
[WhiteElo "2557"]
[BlackElo "2754"]
[TimeControl "180+1"]
[EndTime "11:00:10 PST"]
[Termination "DenLaz won by resignation"]

1. e4 e5 2. Nf3 Nc6 3. Bb5 a6 4. Bxc6 dxc6 5. Nc3 f6 6. d4 exd4 7. Qxd4 Qxd4 8. Nxd4 Bd7 9. Be3 O-O-O 10. O-O-O Ne7 11. h3 Ng6 12. f4 Bd6 13. Rhf1 Rhe8 14. a3 c5 15. Nb3 b6 16. g4 Bc6 17. Nd2 Bf8 18. Bg1 a5 19. Bh2 a4 20. Rde1 Rd7 21.
e5 fxe5 22. fxe5 Rde7 23. Rf2 Re6 24. Rf7 R8e7 25. Ref1 Rxf7 26. Rxf7 Be8 27. Rf5 Be7 28. Bg3 Nh8 29. Nd5 Ng6 30. Nf3 Bc6 31. c4 Be8 32. h4 Bd8 33. h5 Ne7 34. Rf8 Nc6 35.
Ng5 Bxg5+ 36. Kc2 Kd7 37. Rf5 Bd8 38. Kd3 Nd4 39. Rf8 c6 40. Ne3 Bc7 41. Nf5 Bxe5 42. Bxe5 Rxe5 43. Nxg7 Re1 44. Rh8 Bf7 45. Rxh7 Ke7 46.
Nf5+ Nxf5 47. gxf5 Kf6 48. Rh6+ Kxf5 49. Rxc6 Rb1 50. Rxb6 Bxh5 51. Rb5 Kf4 52. Kc2 Rh1 53. Rxc5 Bg6+ 54. Kc3 Rh3+ 55. Kb4 Rb3+ 56. Kxa4 Rxb2 57. Ka5 Be4 58. Rb5 Ra2 59. Kb4 Ke3 60. Rb8 Rb2+ 61. Kc3 Rxb8 0-1

[Event "*** Titled Tuesday Blitz"]
[Site "Chess.com"]
[Date "2020.11.10"]
[Round "5"]
[White "Oneofmyturns"]
[Black "Natalya_Buksa"]
[Result "1-0"]
[WhiteElo "2735"]
[BlackElo "2570"]
[TimeControl "180+1"]
[EndTime "11:00:11 PST"]
[Termination "Oneofmyturns won by checkmate"]

1. d4 d5 2. c4 e6 3. Nc3 Be7 4. cxd5 exd5 5. Bf4 Nf6 6. e3 Bf5 7. Nge2 O-O 8. Ng3 Be6 9. Bd3 c5 10. O-O cxd4 11. exd4 Nc6 12. Nf5 Bb4 13. Bg5 Bxf5 14. Bxf5 h6 15. Be3 Ne7 16. Bh3 Ng6 17. Qb3 Qd6 18.
a3 Bxc3 19. bxc3 b6 20. g3 Rad8 21. a4 Ne4 22. a5 f5 23. f3 Nxg3 24. hxg3 Qxg3+ 25.
Bg2 Nh4 26. Ra2 f4 27. Bc1 Rf6 28. axb6 axb6 29. Rff2 Rg6 30. Qd1 Re8 31. Rae2 Rc8 32. Bd2 Rg5 33. Be1 Rf8 34. Qd3 Qh3 35. Qc2 Nf5 36.
Rf1 Ne3 37. Rxe3 fxe3 38. Qe2 Re8 39. f4 Rg4 40. Rf3 Qh5 41. Kf1 Rxf4 42. Rxf4 Qg6 43.
Qf3 Qd3+ 44. Kg1 Qb1 45. Qe2 Kh8 46. Rf1 Qg6 47. Kh2 Qg5 48. Bg3 Qg6 49. Rf3 Qg5 50. Bf4 Qh5+ 51. Kg1 Qf5 52. Rxe3 Rxe3 53. Qxe3 Qb1+ 54.
Kh2 Qg6 55. Qg3 Qh5+ 56. Qh3 Qg6 57. Bxd5 Qc2+ 58. Bg2 Qe2 59. Qc8+ Kh7 60. Qf5+ Kh8 61. Kg3 Qe1+ 62. Kh3 Qf2 63. Qf8+ Kh7 64. Be4+ g6 65. Qf7+ Kh8 66. Be5+ Qf6 67. Bxf6# 1-0

[Event "*** Titled Tuesday Blitz"]
[Site "Chess.com"]
[Date "2020.11.10"]
[Round "5"]
[White "chenxiaoyuer"]
[Black "PaulfromSPb"]
[Result "1-0"]
[WhiteElo "2530"]
[BlackElo "2699"]
[TimeControl "180+1"]
[EndTime "11:00:11 PST"]
[Termination "chenxiaoyuer won by resignation"]

1. e4 c5 2. Nf3 d6 3. d4 cxd4 4. Nxd4 Nf6 5. Nc3 a6 6. Be2 g6 7. O-O Bg7 8. a4 Nc6 9. Nb3 O-O 10. Bg5 Na5 11. Qd2 Be6 12. Nd4 Bc4 13. Rad1 Re8 14.
Qe3 Qc7 15. b3 Bxe2 16. Ndxe2 Ng4 17. Qg3 Ne5 18. Nd4 e6 19. Nce2 Rac8 20. c4 Qb6 21.
Be3 Qc7 22. f4 Nec6 23. f5 Ne5 24. fxe6 fxe6 25. Qh3 Qd7 26. Nf4 Nac6 27. Ndxe6 Bh8 28. Ng5 Qxh3 29. Nfxh3 Na5 30. Rb1 Ng4 31. Bf2 h6 32. Nf3 Rxe4 33. Rfe1 Rce8 34. Rxe4 Rxe4 35. Be1 Nc6 36. Nf2 Nxf2 37. Kxf2 g5 38. Bd2 g4 39. Re1 Rxe1 40. Nxe1 Nd4 41. b4 Nb3 42. Bxh6 Bd4+ 43. Ke2 Kf7 44. Nc2 Bf6 45. h3 gxh3 46. gxh3 Kg6 47. Bf4 Be7 48. Kd3 a5 49. Kc3 Na1 50. Nxa1 Bf6+ 51. Kb3 Bxa1 52. Bxd6 axb4 53. Kxb4 Kf5 54.
Kb5 Ke6 55. Bg3 Kd7 56. c5 Bf6 57. a5 Kc8 58. h4 Bg7 59. h5 Bh6 60. Be5 Kd7 61. Kb6 Kc8 62. a6 bxa6 63. Kxa6 Be3 64. Kb6 Kd7 65. Bg7 Ke6 66. h6 Kf7 67. Kc6 Bxc5 68.
Kxc5 Kg6 69. Kd6 Kh7 70. Ke7 Kg8 71. Kf6 Kh7 72. Kg5 Kg8 73. Bb2 Kh7 74. Kh5 Kg8 75.
Kg6 1-0

[Event "*** Titled Tuesday Blitz"]
[Site "Chess.com"]
[Date "2020.11.10"]
[Round "5"]
[White "szachuspl"]
[Black "fabianvivasz"]
[Result "0-1"]
[WhiteElo "2526"]
[BlackElo "2378"]
[TimeControl "180+1"]
[EndTime "11:00:11 PST"]
[Termination "fabianvivasz won by resignation"]

1. d4 Nf6 2. c4 g6 3. Nc3 d5 4.
Nf3 Bg7 5. h4 dxc4 6. e4 c5 7.
e5 Ng4 8. Bxc4 cxd4 9. Bb5+ Bd7 10. Qxd4 Bxb5 11. Qxg4 Ba6 12. Be3 O-O 13. h5 Qd7 14. e6 Qxe6 15. Qxe6 fxe6 16. hxg6 hxg6 17. Ng5 e5 18. Nd5 Nc6 19. Rc1 Rfd8 20. Nc7 Nb4 21. Nxa6 Nd3+ 22. Ke2 Nxc1+ 23. Rxc1 bxa6 24. Rc7 Bf6 25. Ne4 Rdc8 26. Rc3 Rxc3 27. bxc3 Rb8 28.
Kd3 Rb2 29. a3 Ra2 30. Bc5 Kf7 31. g4 Bh4 32. Kc4 Ke6 33. f3 Ra1 34. Kb3 Rf1 35.
Nd2 Rd1 36. Kc2 Ra1 37. Kb2 Rh1 38. Bxa7 Kd5 39. Kc2 Rh2 40. Kd3 Be1 41. Ne4 Ra2 42.
Bc5 a5 43. Bxe7 a4 44. c4+ Kc6 45. g5 Rb2 46. Nf6 Rb3+ 47. Ke4 Bc3 48. Nd5 Bb2 49. Nb4+ Kd7 50. Bf6 Bxa3 51. Nd3 Bd6 52. c5 Bc7 53. Bxe5 Rxd3 54. Bxc7 Rd1 55. Be5 a3 56. f4 a2 57. f5 Re1+ 58. Kf4 Rxe5 59. Kxe5 a1=Q+ 60. Kf4 gxf5 61. g6 Qb1 62. g7 Qg1 63.
c6+ Kd6 64. g8=Q Qxg8 65. c7 Kxc7 66. Kxf5 Kd6 0-1

[Event "*** Titled Tuesday Blitz"]
[Site "Chess.com"]
[Date "2020.11.10"]
[Round "5"]
[White "Predatoru"]
[Black "giantslayer83"]
[Result "0-1"]
[WhiteElo "2502"]
[BlackElo "2711"]
[TimeControl "180+1"]
[EndTime "11:00:13 PST"]
[Termination "giantslayer83 won on time"]

1. d4 Nf6 2. c4 e6 3. Nc3 Bb4 4. Qc2 d5 5. cxd5 exd5 6. Bg5 O-O 7. e3 c6 8. Bd3 h6 9. Bh4 Re8 10. Ne2 Nbd7 11. O-O Bd6 12. Bg3 Nf8 13. Rae1 N8h7 14. Bxd6 Qxd6 15. Ng3 g6 16. f3 h5 17. Qf2 h4 18.
Nge2 h3 19. g3 Kg7 20. g4 Ng5 21. Ng3 Re7 22. e4 dxe4 23. Ncxe4 Ngxe4 24. Nxe4 Qf4 25. Ng3 Rxe1 26. Rxe1 Be6 27. b3 Rd8 28. Ne2 Qd2 29. Bc4 Bxc4 30. bxc4 Qxa2 31. Rc1 Re8 32. Kf1 Qd2 33.
Re1 Qd3 34. Rc1 Re3 35. Rc3 Qd1+ 36. Qe1 Qxe1+ 37. Kxe1 Rxc3 38. Nxc3 a5 39. Kd2 g5 40. Na4 Nd7 41. Nc3 Kf6 42. Ne4+ Kg6 43. Nd6 b6 44. Kc3 f6 45. Ne4 f5 46. Nf2 fxg4 47. fxg4 Nf6 48. Kd3 a4 49. Kc3 b5 50. cxb5 cxb5 51. Kb4 Nd5+ 52.
Ka3 Ne3 53. Nxh3 Nxg4 54. Kb4 Kf5 55. d5 Nf6 56. d6 g4 57. Nf2 Ke6 58. Kxb5 a3 0-1

[Event "*** Titled Tuesday Blitz"]
[Site "Chess.com"]
[Date "2020.11.10"]
[Round "5"]
[White "ambaixador"]
[Black "GregShahade"]
[Result "1/2-1/2"]
[WhiteElo "2461"]
[BlackElo "2691"]
[TimeControl "180+1"]
[EndTime "11:00:13 PST"]
[Termination "Game drawn - insufficient material"]

1. Nf3 Nf6 2. c4 g6 3. g3 Bg7 4. Bg2 d5 5. cxd5 Nxd5 6. O-O Nb6 7. Nc3 Nc6 8. b3 O-O 9. Bb2 a5 10. a3 e5 11. d3 Nd4 12. Rc1 c6 13. Re1 Be6 14. Nd2 Nd5 15. Nce4 Bg4 16. h3 Bf5 17. Nc4 Bc8 18. e3 Ne6 19. Bxe5 Bxe5 20. Nxe5 Qe7 21.
Nc4 b5 22. Ne5 Qxa3 23. Nxc6 Nb4 24. Nxb4 Qxb4 25. Nf6+ Kg7 26. Nd5 Qd6 27. Qd2 Bb7 28. Qb2+ f6 29. Nf4 Bxg2 30. Nxe6+ Qxe6 31. Kxg2 Rf7 32.
Rc5 Rb7 33. Rec1 Qd6 34. d4 a4 35. bxa4 b4 36. a5 b3 37. R1c3 Rab8 38. R3c4 h5 39. h4 Qe6 40. Rc3 Qe4+ 41. f3 Qe6 42. Rc6 Qd5 43.
R3c5 Qf7 44. a6 Rb4 45. Rc7 Ra4 46. Rxf7+ Kxf7 47. Rc7+ Ke6 48. Rb7 Ra2 49. Rxb8 Rxb2+ 50. Kh3 Ra2 51. Rb6+ Kd5 52. Rxb3 Rxa6 53. Rc3 f5 54. Rc5+ Kd6 55. Rc8 Ra3 56. Re8 Rd3 57. g4 hxg4+ 58.
fxg4 f4 59. h5 gxh5 60. gxh5 fxe3 61. h6 e2+ 62. Kg2 Rxd4 63. h7 Rh4 64. Kf2 Rh2+ 65. Ke1 Rxh7 66. Rxe2 Re7 67. Rxe7 Kxe7 1/2-1/2

[Event "*** Titled Tuesday Blitz"]
[Site "Chess.com"]
[Date "2020.11.10"]
[Round "5"]
[White "SharapovEvgeny"]
[Black "ChessWarrior3"]
[Result "1-0"]
[WhiteElo "2468"]
[BlackElo "2072"]
[TimeControl "180+1"]
[EndTime "11:00:13 PST"]
[Termination "SharapovEvgeny won by checkmate"]

1. c4 c5 2. Nc3 Nc6 3. Nf3 e5 4. g3 g6 5. Bg2 Bg7 6. a3 d6 7. O-O Bf5 8. d3 Qd7 9. Ne1 Bh3 10. Nc2 h5 11. e3 h4 12. Bxh3 Qxh3 13. Qf3 Nf6 14. Qg2 hxg3 15. fxg3 Qxg2+ 16. Kxg2 a6 17. e4 Nd4 18. Nxd4 cxd4 19. Nd5 Nxd5 20. cxd5 Rc8 21. h4 Rc2+ 22. Rf2 Rxf2+ 23. Kxf2 f5 24. Bg5 fxe4 25. dxe4 Bh6 26. Bxh6 Rxh6 27. Rc1 Kd7 28. Ke2 g5 29. hxg5 Rg6 30. Rh1 Rxg5 31. Rh7+ Kc8 32. Kf3 Rg6 33.
Rf7 Rg8 34. g4 Kb8 35. Rf6 Kc7 36. Rf7+ Kb6 37. b4 Kb5 38. Rxb7+ Ka4 39. Rb6 Kxa3 40. Rxa6+ Kxb4 41. Rxd6 Kc4 42. Rc6+ Kd3 43. d6 Rf8+ 44. Kg3 Kxe4 45. d7 Rd8 46. Rd6 Ke3 47. g5 d3 48.
g6 d2 49. Kg4 e4 50. Kf5 Kf3 51.
Rxd2 e3 52. Rd3 Ke2 53. Rd6 Kf2 54. g7 e2 55. Re6 Rxd7 56. g8=Q Rd5+ 57. Kf6 Rd4 58.
Re5 Rf4+ 59. Ke6 e1=Q 60. Rxe1 Kxe1 61. Ke5 Rf2 62. Qg3 Kf1 63. Ke4 Ke1 64. Ke3 Kd1 65.
Qxf2 Kc1 66. Kd3 Kb1 67. Kc3 Ka1 68. Qb2# 1-0

[Event "*** Titled Tuesday Blitz"]
[Site "Chess.com"]
[Date "2020.11.10"]
[Round "5"]
[White "queen_iryna"]
[Black "profofchess"]
[Result "1-0"]
[WhiteElo "2284"]
[BlackElo "2427"]
[TimeControl "180+1"]
[EndTime "11:00:14 PST"]
[Termination "queen_iryna won on time"]

1. e4 e6 2. d4 d5 3. Nc3 Bb4 4. e5 c5 5. a3 Bxc3+ 6. bxc3 Ne7 7.
Qg4 cxd4 8. cxd4 Qc7 9. Bd2 Qxc2 10. Rc1 Qe4+ 11. Qxe4 dxe4 12. Ne2 Bd7 13. g3 Bc6 14.
Bg2 Nf5 15. Be3 Nd7 16. Nc3 f6 17. Bxe4 Nxe3 18. Bxc6 bxc6 19. fxe3 fxe5 20. Ne4 exd4 21. exd4 Rb8 22. O-O Rb6 23. Ng5 Nf8 24. Nf7 Rg8 25.
Ne5 Nd7 26. Nxc6 Rf8 27. Rxf8+ Nxf8 28. Nxa7 Rb3 29. a4 Ra3 30. Rc4 Ra2 31. Nc6 Nd7 32. a5 Nf6 33. Rb4 Ne4 34. Rb8+ Kd7 35. Ne5+ Kd6 36.
Ra8 Kd5 37. a6 Kxd4 38. Nf3+ Ke3 39. Ne1 Nd2 40. a7 g5 41. Re8 Rxa7 42. Rxe6+ Kd4 43. Rh6 g4 44. Rd6+ Ke3 45. Re6+ Kd4 46. Rd6+ Kc3 47.
Rd3+ Kc4 48. Rxd2 Ra1 49. Re2 Kc3 50. Re7 Kd2 51. Kf1 Kc3 52. Rd7 Ra2 53. Rxh7 Rb2 54. Rh4 Ra2 55. Rxg4 Rxh2 56. Nf3 Rh1+ 57. Kg2 Ra1 58. Re4 Kd3 59. Re7 Ra4 60. Kh3 Ra3 61. g4 Kc4 62. Kg3 Kd5 63. g5 Kd6 64. Re1 Ra5 65. Kg4 Ra4+ 66. Kh5 Ra3 67. Nh4 Rh3 68. Kg4 Ra3 69. Nf5+ Kd7 70. g6 Ra6 71. Kg5 Ra2 72.
g7 1-0

[Event "*** Titled Tuesday Blitz"]
[Site "Chess.com"]
[Date "2020.11.10"]
[Round "5"]
[White "JozefKneht"]
[Black "NewBornNow"]
[Result "0-1"]
[WhiteElo "2513"]
[BlackElo "2650"]
[TimeControl "180+1"]
[EndTime "11:00:15 PST"]
[Termination "NewBornNow won on time"]

1. e4 c5 2. Nf3 d6 3. d4 cxd4 4. Nxd4 Nf6 5. Nc3 a6 6. Bg5 e6 7.
f4 Nc6 8. e5 h6 9. Bh4 g5 10. fxg5 Nd5 11. Nxd5 exd5 12. exd6 Bxd6 13. Qe2+ Kd7 14. O-O-O hxg5 15. Bg3 Bxg3 16. Qg4+ Kc7 17. Qxg3+ Qd6 18. Qxg5 Nxd4 19. Rxd4 Be6 20. h3 Rag8 21. Qd2 Rg3 22. Kb1 Rhg8 23. a3 Kb8 24. h4 Qe5 25.
h5 Rh8 26. h6 Re3 27. Ka2 Qg5 28. Qb4 Ka8 29. Qb6 Bc8 30. Bxa6 Re6 31. Bxb7+ Bxb7 32. Qa5+ Ra6 33. Qc7 Rhxh6 34. Rxh6 Qxh6 35. Qxf7 Qc6 36. Qf8+ Ka7 37. Qf2 Qc5 38. Qd2 Rb6 39. g4 Ba6 40.
b3 Rc6 41. Kb2 Bc8 42. Rxd5 Qe7 43. Qa5+ Kb8 44. Qb5+ Bb7 45. Qd3 Qg7+ 46. Qd4 Qg6 47. Rd8+ Bc8 48. Qb4+ Kc7 49. Qa5+ Kb7 50. Qb4+ Rb6 51.
Qe7+ Kb8 52. Qe5+ Kb7 53. Rd4 Rc6 54. Rb4+ Rb6 55. Rxb6+ Qxb6 56. g5 Qg6 57. a4 Bf5 58.
Qe7+ Kc8 59. Qf8+ Kb7 60. Qf6 Qh7 61. c4 Qh2+ 62. Ka3 Qc2 0-1

[Event "*** Titled Tuesday Blitz"]
[Site "Chess.com"]
[Date "2020.11.10"]
[Round "5"]
[White "Chessdreamer2020"]
[Black "Aygehovit1992"]
[Result "0-1"]
[WhiteElo "2513"]
[BlackElo "2674"]
[TimeControl "180+1"]
[EndTime "11:00:18 PST"]
[Termination "Aygehovit1992 won by checkmate"]

1. e4 c5 2. Nf3 d6 3. Bb5+ Bd7 4.
c4 e5 5. Nc3 g6 6. Bxd7+ Qxd7 7. O-O Bg7 8. d3 Nc6 9. Bg5 h6 10. Bh4 g5 11. Bg3 Nge7 12. Nd2 f5 13. exf5 Qxf5 14.
Qh5+ Qg6 15. Qxg6+ Nxg6 16. Nde4 O-O-O 17. Nd5 Nd4 18. Rab1 Nf4 19. Rfd1 Nxd5 20. cxd5 a5 21. b3 Kd7 22. f3 b5 23. Bf2 Rb8 24. Bxd4 exd4 25. Rf1 Be5 26. g3 Rhf8 27. Rf2 a4 28. Kg2 axb3 29.
axb3 Ra8 30. Re2 Rfc8 31. f4 gxf4 32. gxf4 Bxf4 33. Nf6+ Kc7 34. Re7+ Kb6 35. Kf3 Bd2 36. Ne4 Rf8+ 37. Kg4 Bf4 38. h4 Be5 39. Kh5 Rf3 40. Rd1 Ka5 41. Nxc5 Rf5+ 42. Kg6 Rf6+ 43. Kh5 dxc5 44.
Rxe5 Kb4 45. Re6 Rf5+ 46. Kxh6 Rxd5 47. Rb6 Ra5 48. h5 Kxb3 49. Kg6 Kc2 50. Rh1 Kxd3 51. h6 Ra8 52. h7 Rdd8 53. Rxb5 Kc4 54. Rb7 d3 55.
Rf7 d2 56. Rff1 Kc3 57. Kg7 Kc2 58. h8=Q Rxh8 59. Rxh8 Rxh8 60. Kxh8 d1=Q 61. Rxd1 Kxd1 62. Kg7 c4 63. Kf6 c3 64. Ke5 c2 65. Kd4 c1=Q 66. Kd5 Qf4 67. Ke6 Qg5 68. Kd6 Kd2 69. Kc6 Kd3 70. Kb6 Kc4 71. Kc7 Qf6 72. Kd7 Kc5 73. Kc7 Qe7+ 74. Kb8 Kb6 75. Ka8 Qa7# 0-1

[Event "*** Titled Tuesday Blitz"]
[Site "Chess.com"]
[Date "2020.11.10"]
[Round "5"]
[White "sjam6687"]
[Black "lolo9292"]
[Result "1-0"]
[WhiteElo "2717"]
[BlackElo "2531"]
[TimeControl "180+1"]
[EndTime "11:00:19 PST"]
[Termination "sjam6687 won by resignation"]

1. d4 Nf6 2. c4 g6 3. Nc3 Bg7 4. e4 d6 5. f4 O-O 6. Nf3 c5 7. d5 e6 8. Bd3 exd5 9. cxd5 a6 10. a4 Bg4 11. O-O Nbd7 12. h3 Bxf3 13. Qxf3 Ne8 14.
a5 Rb8 15. Be3 Nc7 16. g4 b5 17. axb6 Rxb6 18. Ra2 Re8 19. Qf2 Nb5 20. Nxb5 axb5 21. b4 f5 22. bxc5 dxc5 23. Bxc5 Nxc5 24. Qxc5 fxe4 25. Bxb5 Rf8 26. Re2 Rd6 27. Bc6 g5 28. f5 Rh6 29. Rxe4 Rxh3 30. Kg2 Rc3 31. Qe7 Qb6 32.
Qxg5 Rc2+ 33. Kg3 Rc3+ 34. Kg2 Rc2+ 35. Kh1 Qb3 36. Qh4 Qd3 37. Ref4 Be5 38. R4f3 Qe4 39. Bb5 Rh2+ 40. Qxh2 Bxh2 41. Kxh2 Qxd5 42. Bd3 Rc8 43. R1f2 Qe5+ 44. Kg2 Qd4 45. g5 Rc3 46. Be2 Qg4+ 47.
Kh2 Qh4+ 48. Kg1 Rc1+ 49. Bf1 Rc5 50. g6 Qg4+ 51. Kh2 hxg6 52. fxg6 Qh4+ 53. Bh3 Kg7 54. Rg2 Rc1 55. Rf7+ Kg8 56. g7 Rh1+ 57. Kxh1 Qxh3+ 58. Kg1 Qe3+ 59. Rff2 Qc1+ 60. Kh2 Qh6+ 61. Kg3 Qg5+ 62. Kf3 Qd5+ 63. Ke3 Qb3+ 64. Ke4 Qc4+ 65. Kf5 Qd5+ 66. Kg4 Kxg7 67. Kh3+ Kh6 68. Rf4 Qd3+ 69. Rg3 Qd7+ 70.
Kg2 Qd2+ 71. Kf3 Qd3+ 72. Kg4 Kg6 73. Kh4+ Kh7 74. Rxd3 Kg6 1-0

[Event "*** Titled Tuesday Blitz"]
[Site "Chess.com"]
[Date "2020.11.10"]
[Round "5"]
[White "MillyNeuf"]
[Black "VinzentSpitzl"]
[Result "0-1"]
[WhiteElo "2452"]
[BlackElo "2319"]
[TimeControl "180+1"]
[EndTime "11:00:24 PST"]
[Termination "VinzentSpitzl won on time"]

1. e4 e5 2. Nf3 Nc6 3. Nc3 Nf6 4. a3 Be7 5. d4 exd4 6. Nxd4 d6 7.
Bb5 Bd7 8. O-O O-O 9. Nxc6 Bxc6 10. Bxc6 bxc6 11. Re1 Nd7 12. Be3 Bf6 13. Qd2 Re8 14.
Rad1 Ne5 15. b3 a6 16. Bd4 Qe7 17. f3 h5 18. a4 g6 19. Na2 Bg7 20. Nb4 Qd7 21.
Bxe5 Bxe5 22. Nd3 Bd4+ 23. Kh1 Qe7 24. c3 Bg7 25. b4 a5 26. Rc1 axb4 27. cxb4 Rxa4 28.
Rxc6 Rea8 29. Rec1 Ra1 30. Nf4 Qg5 31. g3 h4 32. Qd5 Be5 33. Rxc7 Rxc1+ 34. Rxc1 Rf8 35.
Nd3 hxg3 36. f4 Qg4 37. Ne1 Bxf4 38. Qd1 Qh3 39. Rc2 gxh2 40. Rg2 Re8 41. Qd5 Qe6 42. Qxe6 Rxe6 43. Re2 f5 44. Nd3 Bg3 45. Kg2 f4 46. b5 g5 47. Kf3 h1=Q+ 48. Kg4 Qh4+ 49. Kf5 Re7 50. b6 Qh7+ 51. Kg4 Qh4+ 52. Kf5 Rf7+ 53.
Ke6 Qh6+ 54. Kd5 Rb7 55. Rc2 Qf6 56. Rc8+ Kg7 57. Rc7+ Rxc7 58. bxc7 Qf7+ 59. Kc6 Qe6 60. Kb7 Qxe4+ 61. Kb8 Qe8+ 62. c8=Q Qxc8+ 63. Kxc8 f3 64.
Kd7 f2 65. Nxf2 Bxf2 66. Kxd6 g4 67. Ke5 g3 68. Kf4 g2 69. Kf3 g1=Q 70. Ke4 Qg3 0-1

[Event "*** Titled Tuesday Blitz"]
[Site "Chess.com"]
[Date "2020.11.10"]
[Round "5"]
[White "InitiatingASC"]
[Black "Harry_Rakkel"]
[Result "1-0"]
[WhiteElo "2406"]
[BlackElo "2550"]
[TimeControl "180+1"]
[EndTime "11:00:28 PST"]
[Termination "InitiatingASC won on time"]

1. Nf3 d5 2. g3 c6 3. Bg2 Bg4 4. O-O Nd7 5. d3 Ngf6 6. a3 e5 7. Nbd2 Be7 8. b4 O-O 9. Bb2 Qc7 10. e4 dxe4 11. dxe4 a5 12. c3 Rfd8 13. Qc2 Nb6 14.
h3 Be6 15. Rfd1 Nfd7 16. Kh2 Nc4 17. Nxc4 Bxc4 18. Nd2 Nb6 19. Nf1 a4 20. Rxd8+ Rxd8 21. Ne3 Bb3 22. Qe2 Qd7 23. c4 Qd2 24. Re1 f6 25. c5 Nc8 26. Bf1 Na7 27. Bc1 Qxe2 28. Bxe2 Kf7 29. Kg2 Rd4 30. f3 g6 31. Kf2 h5 32. h4 Rd8 33. g4 Nb5 34. Bxb5 cxb5 35. gxh5 gxh5 36. Nf5 Bf8 37. Ke2 Bc4+ 38. Kf2 Rd3 39. Ne3 Bb3 40. Nf5 Rc3 41. f4 Rc2+ 42.
Kf3 Be6 43. Ne3 Rc3 44. f5 Bb3 45. Ke2 Bh6 46. Bd2 Bc4+ 47. Nxc4 Rxc4 48. Bxh6 Rxe4+ 49. Kf2 Rxh4 50. Be3 Rh2+ 51. Kg3 Ra2 52. Kh4 Rxa3 53. Kxh5 Rb3 54. Bd2 a3 55. Ra1 e4 56. Kg4 e3 57.
Be1 e2 58. Kf4 Ke7 59. Ke4 Kd7 60. Kd4 Kc6 61. Bd2 Rb2 62. Be1 Rb3 63. Bf2 Kd7 64.
Be1 Ke7 65. Ra2 Rb2 66. Rxa3 Kf7 67. Re3 Kg7 68. Kd3 Kh6 69. Rxe2 Rb3+ 70. Ke4 Kg5 71. Kd5 Rd3+ 72. Ke6 Rd1 73. Bd2+ 1-0

[Event "*** Titled Tuesday Blitz"]
[Site "Chess.com"]
[Date "2020.11.10"]
[Round "5"]
[White "Hikaru"]
[Black "horripile"]
[Result "1-0"]
[WhiteElo "3200"]
[BlackElo "2670"]
[TimeControl "180+1"]
[EndTime "11:00:30 PST"]
[Termination "Hikaru won on time"]

1. e4 c5 2. Nf3 Nc6 3. c3 Nf6 4. e5 Nd5 5. Bc4 Nb6 6. Bb3 d5 7. exd6 Qxd6 8. Na3 Qd8 9. O-O e6 10. d4 cxd4 11. Nb5 Be7 12. Bf4 O-O 13. Qe2 Nd5 14. Bxd5 exd5 15. Nfxd4 Nxd4 16. Nxd4 Re8 17. Rad1 Bf6 18.
Qf3 Be6 19. h3 Qb6 20. Rd2 Bxd4 21. Rxd4 Qxb2 22. Be5 Qc2 23. Rd3 Bf5 24. Rxd5 Qe4 25.
Qg3 Bg6 26. Rfd1 f6 27. Bf4 Re7 28. Be3 b6 29. h4 Bf7 30. R5d4 Qf5 31. a4 Rae8 32.
Rf4 Qh5 33. Rd6 Bg6 34. c4 Qe5 35. Rd5 Qa1+ 36. Kh2 Qxa4 37. h5 Bf7 38. Rdf5 Qd1 39. Rd4 Qe2 40. Rd2 Qxc4 41. Rxf6 Bxh5 42. Rf4 Qe6 43. Rfd4 Bg6 44. Rd6 Qe5 45. Qxe5 Rxe5 46. Bd4 R5e7 47. Bc3 Rb7 48. f4 Bf5 49. R6d5 Bg4 50.
Be5 h5 51. Kg3 Kf7 52. Kh4 Ree7 53. Rb2 Red7 54. Rdb5 Re7 55. Kg5 Red7 56. R5b4 Re7 57. Rc4 g6 58. Rc6 Re6 59. Rc3 Bf5 60. Rd2 Ree7 61.
Rd6 Re6 62. Rd8 Re8 63. Rd6 Re6 64. Rd5 Ree7 65. Rc1 b5 66. Rd8 Red7 67. Rh8 Ke6 68. Rc5 b4 69. Rhc8 b3 70. R8c6+ Ke7 71. Bb2 Rd6 72.
Re5+ Kd7 73. Rc1 Re6 74. Rd1+ Rd6 75. Rde1 a6 76. Re7+ Kc6 77. Rc1+ Kb6 78. Re3 Rbd7 79. Rxb3+ Ka7 80. Be5 1-0

[Event "*** Titled Tuesday Blitz"]
[Site "Chess.com"]
[Date "2020.11.10"]
[Round "5"]
[White "Nemsko"]
[Black "Ajedrez_con_German"]
[Result "0-1"]
[WhiteElo "2365"]
[BlackElo "2538"]
[TimeControl "180+1"]
[EndTime "11:00:30 PST"]
[Termination "Ajedrez_con_German won by resignation"]

1. e4 e6 2. d4 d5 3. Nc3 dxe4 4. Nxe4 Nd7 5. Nf3 Ngf6 6. Bd3 c5 7. c3 cxd4 8. Nxd4 Be7 9. O-O O-O 10. Qc2 Nxe4 11. Bxe4 Nf6 12. Bf3 e5 13. Nf5 Bxf5 14. Qxf5 Qc7 15. Bg5 g6 16. Qh3 Rfe8 17. Rad1 Rad8 18.
Qg3 Kg7 19. Qh4 Ng8 20. Bxe7 Nxe7 21. Qa4 b6 22. Rfe1 Nf5 23. h3 f6 24. Bc6 Rf8 25.
Be4 Ne7 26. Re2 Rxd1+ 27. Qxd1 Rd8 28. Rd2 Rxd2 29. Qxd2 f5 30. Bc2 Kf6 31. Bb3 g5 32. h4 h6 33. hxg5+ hxg5 34. Qe2 Ng6 35. Qd3 g4 36. Qd5 Qe7 37. g3 e4 38. Qc6+ Kg5 39. Qd5 Ne5 40. Qd2+ Kg6 41. Kg2 Nf3 42. Qd5 Ne5 43.
Qg8+ Qg7 44. Qe6+ Qf6 45. Qg8+ Qg7 46. Qe6+ Kg5 47. Qd5 Ng6 48. Qd8+ Qe7 49. Qd4 Qe5 50. Qe3+ Kf6 51. Qh6 f4 52. gxf4 Qxf4 53. Qxf4+ Nxf4+ 54. Kg3 Kg5 55. Bc2 Ne2+ 56. Kg2 Kf4 57. Kf1 Nc1 58.
b4 Nd3 59. a4 Ne5 60. a5 bxa5 61. bxa5 Nc6 62. a6 Nb8 63. c4 Nxa6 64. Ba4 Nc5 65. Bb5 a5 66. Ke1 a4 67. Kd2 Kf3 68. Ke1 e3 69. fxe3 Kxe3 70. Kf1 a3 0-1